Map: New Repugnancy LE

Players

FoeMower

  • Race: Protoss Protoss
  • Spawn Location: 7:00

DarwinAwdWnr - Winner!

  • Race: Zerg Zerg
  • Spawn Location: 1:00

VOD

Have the link to the VOD?

Description

Time

  • Played on: June 2, 2019, 11:50 a.m.
  • Length: 6:32
Show
View Real Time Build Order
Export as new Build Order

FoeMower Protoss 

Build Orders:  

Get SALT Encoding   

  12  0:01  Probe  
  13  0:14  Pylon  
  13  0:16  Probe  
  14  0:24  Probe  
  15  0:33  Probe  
  15  0:40  Forge  
  16  0:50  Pylon  
  16  0:55  Probe  
  17  1:03  Assimilator  
  17  1:13  Probe  
  18  1:25  Photon Cannon  
  18  1:27  Photon Cannon  
  18  1:40  Gateway  
  18  1:50  Pylon  
  18  1:51  Probe  
  19  1:59  Probe  
  19  2:01  Assimilator  
  19  2:07  Pylon  
  20  2:21  Photon Cannon  
  20  2:25  Photon Cannon  
  20  2:28  Pylon  
  20  2:35  Probe  
  21  2:47  Probe  
  21  2:49  Assimilator  
  22  2:51  Cybernetics Core  
  22  3:02  Photon Cannon  
  22  3:06  Pylon  
  22  3:19  Probe  
  23  3:31  Probe  
  24  3:40  Stargate  
  24  3:43  Probe  
  25  3:55  Probe  
  26  4:06  Nexus  
  26  4:08  Probe  
  27  4:16  Void Ray  
  27  4:17  Assimilator  
  27  4:20  Probe  
  32  4:37  Probe  
  33  4:46  Stargate  
  33  4:52  Shield Battery  
  33  5:01  Photon Cannon  
  24  5:45  Stargate  
Show
View Real Time Build Order
Export as new Build Order

DarwinAwdWnr Zerg - Winner!

Build Orders: Hatch First, Roach Nydus 

Get SALT Encoding   

  12  0:01  Drone  
  13  0:10  Drone  
  14  0:16  Overlord  
  14  0:35  Overlord x2  
  14  0:46  Drone  
  15  1:08  Hatchery, Extractor  
  15  1:10  Drone  
  14  1:28  Drone, Spawning Pool  
  14  1:43  Drone x2  
  14  1:45  Drone  
  16  2:13  Drone x2  
  18  2:16  Queen  
  20  2:24  Drone  
  21  2:45  Spine Crawler  
  21  3:02  Lair  
  21  3:07  Roach Warren  
  21  3:12  Extractor  
  20  3:53  Roach x6  
  32  4:02  Nydus Network  
  31  4:21  Roach  
  31  4:22  Roach  
  35  4:26  Extractor  
  35  4:28  Zergling x2  
  35  4:29  Zergling x4  
  37  4:39  Nydus Canal  
  37  4:40  Zergling x2  
  36  5:07  Queen  
  35  5:33  Roach  
  35  5:34  Overlord, Roach  
  35  5:35  Overlord  
  37  5:37  Nydus Canal  
  37  5:52  Overlord x2, Queen  
  37  6:13  Nydus Canal  
Tags
 
Matchup
PvZ
Replay Pack
10.7.19
Spawn Locations
Cross Positions
Strategy
Roach Nydus
Add a new tag
Caveats
  • Supply blocks, unpowered buildings, or Contaminate may cause inaccurate times.
  • Supply counts are checked every 10 seconds.